 Dungeon Crawl Stone Soup version 0.27-a0-1158-gaa87e14f67 (webtiles) character file.

Game seed: 3406122498461249311

141 leviel the Ruffian (level 5, -1/50 HPs)
             Began as a Troll Monk on May 15, 2021.
             Slain by Sigmund
             ... wielding a +0 scythe
              (10 damage)
             ... on level 2 of the Dungeon.
             The game lasted 00:01:43 (1173 turns).

leviel the Ruffian (Troll Monk)                     Turns: 1173, Time: 00:01:44

Health: -1/50      AC:  4    Str: 20    XL:     5   Next: 3%
Magic:  4/4        EV: 10    Int:  6    God:
Gold:   1          SH:  0    Dex: 12    Spells: 4/4 levels left

rFire    . . .     SeeInvis .     - Unarmed
rCold    . . .     Faith    .   (no shield)
rNeg     . . .     Spirit   .   a - +0 robe
rPois    .         Reflect  .   (helmet restricted)
rElec    .         Harm     .   (no cloak)
rCorr    .         Rampage  .   (gloves unavailable)
Will     .....                  (boots unavailable)
Stlth    ++........             (no amulet)
HPRegen  1.16/turn              (no ring)
MPRegen  0.09/turn              (no ring)

@: mighty
A: large, unfitting armour, claws 3, regeneration 1, shaggy fur 1, tough skin 1
a: no special abilities


You were on level 2 of the Dungeon.
You visited 1 branch of the dungeon, and saw 2 of its levels.

You collected 23 gold pieces.
You spent 22 gold pieces at shops.

Inventory:

Armour
 a - a +0 robe (worn)
Jewellery
 e - a ring of positive energy
Scrolls
 b - a scroll of identify {@r1}
Potions
 g - a potion of brilliance {unknown}


   Skills:
 - Level 2.4 Fighting
 - Level 2.5 Dodging
 - Level 1.0 Stealth
 * Level 5.7 Unarmed Combat


You had 4 spell levels left.
You didn't know any spells.
Your spell library was empty.

Dungeon Overview and Level Annotations

Branches:
Dungeon (2/15)

Altars:

Shops:
D:1 *

Annotations:
D:2 1 runed translucent door, Crazy Yiuf, Sigmund


Innate Abilities, Weirdness & Mutations

You are too large for most types of armour.
You have claws for hands.
Your natural rate of healing is unusually fast.
You are covered in fur. (AC +1)
You have tough skin. (AC +1)


Message History

Something tries to affect you, but you resist.
Something hits you. Something hits you but does no damage. Something hits you.
Something hits you! Something hits you but does no damage.
Sigmund appears from thin air!
Reactivating autopickup.
Sigmund hits you from afar with a +0 scythe.
Your transformation is almost over.
Sigmund hits you from afar with a +0 scythe!
It was a potion of magic.
Magic courses through your body.
Sigmund says, "You will soon forget everything."
Sigmund hits you but does no damage.
It was a potion of might.
You feel very mighty all of a sudden.
Sigmund hits you from afar with a +0 scythe!
You cannot move.
You cannot move.
Unknown command.
You cannot move.
Sigmund breathes a few words.
Sigmund's hands start flickering wildly.
Sigmund hits you from afar with a +0 scythe.
Sigmund hits you from afar with a +0 scythe.
Sigmund hits you from afar with a +0 scythe.
Sigmund points at himself and mumbles some strange words.
Sigmund flickers and vanishes!
Deactivating autopickup; reactivate with Ctrl-A.
Something hits you!
You feel less wooden.
Your +0 robe unmelds from your body.
You hear some strange, mumbled words.
Something tries to affect you, but you resist.
Something hits you. Something hits you! Something hits you!
* * * LOW HITPOINT WARNING * * *
You miss something. Something hits you!
You die...

####....##.#
....###.##.# ....#
#รท...# ....###.####
..#.....# ..#.#.###
..#.#.# #####..
..#.#.###########..>....
#.#.#...........@{......
..#.#############.######
....# .# .#### .# .# .#
.## .# ..## .# ##.## .#
##.#


There were no monsters in sight!

Vanquished Creatures
  A necrophage (D:2)
  An adder (D:2)
  A worm (D:2)
  2 dart slugs (D:1)
  3 ball pythons (D:1)
  7 bats
  4 endoplasms
  2 giant cockroaches
  4 hobgoblins
  7 jackals (D:1)
  A quokka (D:2)
  A frilled lizard (D:1)
  A kobold (D:1)
35 creatures vanquished.

Notes
Turn   | Place    | Note
-------+----------+-------------------------------------------
     0 | D:1      | leviel the Troll Monk began the quest for the Orb.
     0 | D:1      | Reached XP level 1. HP: 22/22 MP: 0/0
   272 | D:1      | Reached XP level 2. HP: 29/29 MP: 1/1
   454 | D:1      | Found Cuig's General Store.
   466 | D:1      | Reached skill level 4 in Unarmed Combat
   479 | D:1      | Bought a scroll of identify for 22 gold pieces
   508 | D:1      | Reached XP level 3. HP: 36/36 MP: 2/2
   872 | D:2      | Noticed a necrophage
   883 | D:2      | Killed a necrophage
   884 | D:2      | Reached skill level 5 in Unarmed Combat
   884 | D:2      | Reached XP level 4. HP: 44/44 MP: 3/3
   933 | D:2      | Reached XP level 5. HP: 50/50 MP: 4/4
  1097 | D:2      | Found a runed translucent door.
  1098 | D:2      | Noticed Crazy Yiuf
  1127 | D:2      | Noticed Sigmund
  1173 | D:2      | Slain by Sigmund

Illustrated notes

Levels and vault maps discovered:
D:1:      ebering_trefoil_3fold, layout_basic, serial_shops, shop
D:2:      layout_loops_ring, uniq_sigmund, uniq_crazy_yiuf_cottage

Skill      XL: |  1  2  3 |
---------------+----------+-----
Unarmed Combat | 4 5 |  5.7
Fighting       | |  2.4
Dodging        | |  2.5
Stealth        | |  1.0

Action                   |  1- 3 |  4- 6 || total
-------------------------+-------+-------++-------
Melee: Unarmed           |    63 |    17 ||    80
  Use: Scroll            |     1 |       ||     1
       Potion            |       |     3 ||     3
 Stab: Sleeping          |     2 |       ||     2
Armor: Robe              |    31 |     6 ||    37
       Skin              |       |    15 ||    15
Dodge: Dodged            |    34 |    14 ||    48

Table legend: (Time is in decaauts)
 A = Elapsed time spent in this place.
 B = Non-inter-level travel time spent in this place.
 C = Inter-level travel time spent in this place.
 D = Time resting spent in this place.
 E = Time spent auto-exploring this place.
 F = Levels seen in this place.
 G = Mean time per level.
                   A        B        C        D        E       F      G
               +--------+--------+--------+--------+--------+-----+--------+
         Total |   1166 |   1133 |     33 |      0 |    899 |   2 |  583.0 |
       Dungeon |   1166 |   1133 |     33 |      0 |    899 |   2 |  583.0 |
               +--------+--------+--------+--------+--------+-----+--------+

Top non-repeatable levels by time:
     D:1: 859 daAuts
     D:2: 307 daAuts
